 Dungeon Crawl Stone Soup version 0.28.0-43-g3370ac3207 (webtiles) character file.

Game seed: 12690380749755078579

105 pkoi the Ruffian (level 4, -4/35 (38) HPs)
             Began as a Draconian Monk on Mar 10, 2022.
             Slain by a wight
             ... wielding a +0 scimitar
              (5 damage)
             ... on level 3 of the Dungeon.
             The game lasted 00:03:11 (3660 turns).

pkoi the Ruffian (Draconian Monk)                   Turns: 3660, Time: 00:03:11

HP:   -4/35 (38)    AC:  6    Str: 14    XL:     4   Next: 54%
MP:   4/4           EV: 12    Int: 12    God:
Gold: 64            SH:  0    Dex: 13    Spells: 3/3 levels left

rFire   . . .      SeeInvis .     - Unarmed
rCold   . . .      Faith    .   (no shield)
rNeg    . . .      Spirit   .   (armour unavailable)
rPois   .          Reflect  .   (helmet restricted)
rElec   .          Harm     .   g - +0 cloak
rCorr   .          Rampage  .   (no gloves)
Will    .....                   (no boots)
Stlth   ++........              f - amulet of magic regeneration
HPRegen 0.11/turn               (no ring)
MPRegen 0.49/turn               (no ring)

@: drained
A: AC +5, unfitting armour, cold-blooded
a: no special abilities


You were on level 3 of the Dungeon.
You visited 1 branch of the dungeon, and saw 4 of its levels.

You collected 64 gold pieces.

Inventory:

Hand Weapons
 a - a +0 mace
 e - a +1 dagger
Missiles
 c - 2 silver boomerangs (quivered)
Armour
 g - a +0 cloak (worn)
Magical Staves
 b - a staff of fire
Jewellery
 f - an amulet of magic regeneration (around neck)
Scrolls
 d - 3 scrolls of enchant weapon
 h - 2 scrolls of identify
 i - 2 scrolls of fog
 j - a scroll of enchant armour {unknown}
 k - a scroll of teleportation
 l - a scroll of holy word


   Skills:
 + Level 3.5 Fighting
 + Level 2.8 Dodging
 + Level 2.1 Stealth
 * Level 5.0 Unarmed Combat


You had 3 spell levels left.
You didn't know any spells.
Your spell library was empty.

Dungeon Overview and Level Annotations

Branches:
Dungeon (4/15)
 Temple: D:4-7

Altars:

Shops:
D:3 ?[(=


Innate Abilities, Weirdness & Mutations

Your plain brown scales are hard. (AC +5)
You cannot fit into any form of body armour.
You are cold-blooded and may be slowed by cold attacks.


Message History

There is a stone staircase leading up here.
A wight comes into view. It is wielding a +0 halberd.
There is a stone staircase leading up here. 2 wights come into view.
A wight is wielding a +4 great sword of freezing.
A wight is wielding a +4 mace of freezing.
There is a stone staircase leading up here.
The wight barely misses you.
The wight hits you from afar with a +0 halberd!
You climb upwards.
There is a stone staircase leading down here.
You hit the wight.
The wight is lightly damaged.
The wight closely misses you.
You hit the wight but do no damage.
Your tail-slap misses the wight.
The wight is lightly damaged.
The wight hits you with a +0 scimitar!
* * * LOW HITPOINT WARNING * * *
You hit the wight.
You tail-slap the wight, but do no damage.
The wight is moderately damaged.
The wight hits you but does no damage.
You hit the wight. Your punch misses the wight.
The wight is heavily damaged.
The wight hits you with a +0 scimitar.
* * * LOW HITPOINT WARNING * * *
You feel drained.
You barely miss the wight.
The wight is heavily damaged.
The wight hits you with a +0 scimitar!
* * * LOW HITPOINT WARNING * * *
You hit the wight but do no damage.
The wight is heavily damaged.
The wight hits you with a +0 scimitar!
* * * LOW HITPOINT WARNING * * *
You feel drained.
* * * LOW HITPOINT WARNING * * *
You closely miss the wight. Your punch misses the wight.
The wight is heavily damaged.
The wight hits you with a +0 scimitar.
You die...

#.....# #.#.#
####.....##
#...#
.).'......#
##..#
####......#
#..# #......#
##.## #......#
#..# #......#
#..#
#......#####z.#
##
######.......@#
.# ##########
.# .# .# .# .#
.# )#


You could see a wight.

Vanquished Creatures
  5 adders
  A dart slug (D:1)
  5 bats
  2 endoplasms
  3 giant cockroaches
  5 goblins
  5 hobgoblins
  7 jackals
  2 quokkas
  4 ball pythons
  4 frilled lizards
  9 kobolds
  4 rats
56 creatures vanquished.

Notes
Turn   | Place    | Note
-------+----------+-------------------------------------------
     0 | D:1      | pkoi the Draconian Monk began the quest for the Orb.
     0 | D:1      | Reached XP level 1. HP: 19/19 MP: 1/1
   547 | D:1      | Reached XP level 2. HP: 26/26 MP: 2/2
   941 | D:1      | Found a faded altar of an unknown god.
   944 | D:1      | Reached skill level 4 in Unarmed Combat
  1255 | D:2      | Reached XP level 3. HP: 27/31 MP: 3/3
  1346 | D:2      | HP: 1/31 [poisoned by an adder]
  2308 | D:3      | Found Atuffuh's Jewellery Shoppe.
  2433 | D:3      | Reached XP level 4. HP: 13/38 MP: 4/4
  3375 | D:2      | Reached skill level 5 in Unarmed Combat
  3492 | D:3      | Found Melube's Antique Weapon Shop.
  3520 | D:3      | Found Ituihoj's Magic Scroll Emporium.
  3588 | D:3      | Found Ozewog's Armour Emporium.
  3659 | D:3      | HP: 1/35 [wight/+0 scimitar (2)]
  3660 | D:3      | Slain by a wight

Illustrated notes

Levels and vault maps discovered:
D:1:      wander_arrival_lonely_grave, layout_rooms,
          hellmonk_ecumenical_altar_inner_sanctum
D:2:      layout_basic, minmay_goblin_kobold_house
D:3:      layout_basic, serial_shops, nicolae_shop_crystal,
          nicolae_shop_behind_doors, shop, shop
D:4:      layout_rooms, serial_glass, glass_columns_b, glass_columns_a,
          glass_columns_b, glass_columns_b, glass_columns_b, glass_columns_c,
          due_unseen_surprise, feat_on_display, feat_on_display,
          gup_sewer_entry_bowl, amcnicky_mini_corridor_feature,
          corexii_leaking_fountain, uniq_crazy_yiuf_cottage

Skill      XL: |  1  2  3  4 |
---------------+-------------+-----
Unarmed Combat | 4 5 |  5.0
Stealth        | 2 |  2.1
Fighting       | |  3.5
Dodging        | |  2.8

Action                   |  1- 3 |  4- 6 || total
-------------------------+-------+-------++-------
Melee: Unarmed           |   153 |    54 ||   207
       Tailslap          |    32 |     6 ||    38
       Punch             |       |     1 ||     1
  Use: Scroll            |     6 |       ||     6
       Potion            |     4 |     1 ||     5
 Stab: Sleeping          |     4 |     1 ||     5
Armor: Skin              |    46 |    12 ||    58
Dodge: Dodged            |   109 |    26 ||   135
